 Dungeon Crawl Stone Soup version 0.27-a0-1334-g2746e35aca (webtiles) character file.

Game seed: 7330364249124597083

968 Gwenloh the Summoner (level 8, -7/52 HPs)
             Began as a Barachi Summoner on June 26, 2021.
             Was a Follower of Okawaru.
             Shot with an arrow by a centaur (8 damage)
             ... on level 7 of the Dungeon.
             The game lasted 00:28:30 (8873 turns).

Gwenloh the Summoner (Barachi Summoner)             Turns: 8873, Time: 00:28:31

Health: -7/52      AC:  4    Str:  9    XL:     8   Next: 15%
Magic:  14/14      EV: 12    Int: 28    God:    Okawaru [*.....]
Gold:   297        SH:  0    Dex: 15    Spells: 1/15 levels left

rFire    . . .     SeeInvis .   a - +5 spear (venom)
rCold    . . .     Faith    .   (no shield)
rNeg     . . .     Spirit   .   i - +0 robe
rPois    .         Reflect  .   o - +2 hat
rElec    .         Harm     .   (no cloak)
rCorr    .         Rampage  .   (no gloves)
Will     .....                  (no boots)
Stlth    ++........             (no amulet)
HPRegen  0.17/turn              q - +6 ring of intelligence
MPRegen  0.14/turn              A - +6 ring of intelligence

@: studying Long Blades, slow
A: amphibious, slowness 1, strong legs 1, +LOS
a: Hop, Renounce Religion, Heroism


You were on level 7 of the Dungeon.
You worshipped Okawaru.
Okawaru was aware of your devotion.
You visited 2 branches of the dungeon, and saw 8 of its levels.

You collected 297 gold pieces.

Inventory:

Hand Weapons
 a - a +5 spear of venom (weapon)
Missiles
 j - 65 arrows
 p - 40 sling bullets
 s - 8 boomerangs (quivered)
 x - 45 poisoned darts
 y - 139 stones
Armour
 c - a +2 ring mail of poison resistance
 i - a +0 robe (worn)
 o - a +2 hat (worn)
 w - a +0 leather armour
 D - a +0 kite shield
Jewellery
 q - a +6 ring of intelligence (left hand)
 A - a +6 ring of intelligence (right hand)
Scrolls
 f - 2 scrolls of magic mapping
 l - 3 scrolls of identify
 r - a scroll of fog {unknown}
 t - a scroll of vulnerability {unknown}
 u - a scroll of amnesia {unknown}
 v - a scroll of blinking {unknown}
 z - a scroll of fear {unknown}
Potions
 d - a potion of might {unknown}
 g - 2 potions of invisibility {unknown}
 h - a potion of cancellation {unknown}
 k - a potion of ambrosia {unknown}
 m - 5 potions of curing
 n - 2 potions of heal wounds {unknown}
 B - 2 potions of mutation {unknown}


   Skills:
 + Level 2.3 Armour
 - Level 2.1 Dodging
 - Level 1.7 Stealth
 - Level 4.0 Spellcasting
 * Level 9.7 Summonings
 - Level 3.0 Ice Magic
 - Level 3.0 Air Magic


You had one spell level left.
You knew the following spells:

 Your Spells              Type           Power      Damage    Failure   Level
a - Summon Small Mammal   Summ           100%       N/A       1%          1
b - Call Imp              Summ           57%        N/A       1%          2
c - Call Canine Familiar  Summ           57%        N/A       1%          3
d - Summon Ice Beast      Ice/Summ       41%        N/A       5%          4
e - Summon Lightning Spi  Summ/Air       41%        N/A       5%          4

Your spell library contained the following spells:

 Spells                   Type           Power      Damage    Failure   Level
 Sting                    Tmut/Pois      20%        1d4       8%          1
 Summon Guardian Golem    Hex/Summ       32%        N/A       3%          3
 Poisonous Vapours        Pois/Air       28%        N/A       6%          2
 Mephitic Cloud           Conj/Pois/Air  11%        N/A       14%         3
 Confusing Touch          Hex            5%         N/A       22%         3
 Gell's Gravitas          Tloc           2%         N/A       22%         3
 Ignite Poison            Fire/Tmut/Pois 5%         N/A       22%         3
 Olgreb's Toxic Radiance  Pois           5%         N/A       58%         4
 Petrify                  Tmut/Erth      5%         N/A       58%         4
 Metabolic Englaciation   Hex/Ice        7%         N/A       73%         5
 Yara's Violent Unravell  Hex/Tmut       2%         3d3       90%         5


Dungeon Overview and Level Annotations

Branches:
Dungeon (7/15)             Temple (1/1) D:6

Altars:
Ashenzari
Cheibriados
Elyvilon
Gozag
Hepliaklqana
Kikubaaqudgha
Makhleb
Nemelex Xobeh
Okawaru
Ru
Sif Muna
Trog
Vehumet
Xom
Yredelemnul
Zin
The Shining One

Shops:
D:4 *((


Innate Abilities, Weirdness & Mutations

You are amphibious.
You cover ground slowly.
You can hop short distances.
You have an extended range of vision and can be seen from far away.


Message History

Your ice beast disappears in a puff of smoke!
Things that are here:
a +0 hand axe; a +0 leather armour; an orc corpse You now have 297 gold pieces (gained 5).
A bullfrog comes into view.
You reach to attack!
The helpless bullfrog fails to defend itself.
You hit the bullfrog.
The bullfrog is poisoned.
The bullfrog is moderately wounded.
The bullfrog hits you but does no damage.
You hit the bullfrog.
The bullfrog looks as sick as possible!
The bullfrog is heavily wounded.
The bullfrog hits you but does no damage.
The bullfrog completely misses you.
You puncture the bullfrog!
The bullfrog is almost dead.
You kill the bullfrog!
Okawaru accepts your kill.
Training target 3.0 for Air Magic reached!
Your Air Magic skill increases to level 3!
Found a stone staircase leading down.
Found an escape hatch in the floor.
B - 2 murky dark potions (gained 1) 2 centaurs come into view.
The centaur shouts! x2
The centaur wields a +0 shortbow.
The centaur shoots an arrow.
The arrow hits you!
The centaur wields a +0 shortbow.
The centaur shoots an arrow.
The arrow barely misses you.
The centaur shoots an arrow.
The arrow hits you!
The centaur shoots an arrow.
The arrow hits you!
The centaur shoots an arrow.
The arrow hits you!
* * * LOW HITPOINT WARNING * * *
The centaur shoots an arrow.
The arrow barely misses you.
The centaur shoots an arrow.
The arrow barely misses you.
The centaur wields a +0 shortbow.
The centaur shoots an arrow.
The arrow closely misses you.
The centaur shoots an arrow.
The arrow hits you!
* * * LOW HITPOINT WARNING * * *
The centaur shoots an arrow.
The arrow completely misses you.
You hear a shout!
The centaur shoots an arrow.
The arrow hits you!
You die...

##############
#.............
######.............
...................
............# #########
............######........
≈≈≈$..>............#....##
≈≈≈≈≈≈......########....#
≈≈≈≈≈≈≈..@..............##
.≈≈≈≈≈≈#.#..#####.........
.c≈≈≈≈≈#.#......#.........
..≈≈≈≈≈#.#...##.#.........
...≈≈≈≈#.#...##.#.#.#.....
cc.≈≈≈.#.#...##.#.#.#.####
#..≈≈≈.#.#................
#.≈≈≈≈#.......#.#.#.#.#..#
≈≈.........#.#.#.#.#...


You could see a centaur.

Vanquished Creatures
  A bullfrog (D:7)
  A scorpion (D:5)
  A crimson imp (D:5)
  5 hounds
  A centaur skeleton (D:7)
  2 iguanas
  6 adders
  A gnoll (D:6)
  An ufetubus (D:4)
  A worm (D:2)
  2 dart slugs
  7 orcs
  3 ball pythons
  8 endoplasms
  A giant cockroach (D:4)
  2 goblins
  5 hobgoblins
  3 jackals (D:1)
  2 quokkas
  2 bats (D:3)
  4 frilled lizards
  3 kobolds
  5 rats
67 creatures vanquished.

Vanquished Creatures (collateral kills)
  A black bear (D:6)
  A necrophage (D:6)
  An ogre (D:5)
  2 nameless horrors (D:5)
  A gnoll sergeant (D:7)
  A bullfrog (D:6)
  2 scorpions
  A bullfrog zombie (D:3)
  An orc priest (D:3)
  A bullfrog skeleton (D:6)
  2 hounds
  A centaur skeleton (D:3)
  An iguana (D:4)
  An orc wizard (D:7)
  3 gnolls
  2 adders
  An adder skeleton (D:4)
  A worm (D:2)
  6 orcs
  2 endoplasms
  3 goblins
  A hobgoblin (D:3)
  A bat (D:1)
  A kobold (D:1)
38 creatures vanquished.

Grand Total: 105 creatures vanquished

Notes
Turn   | Place    | Note
-------+----------+-------------------------------------------
     0 | D:1      | Gwenloh the Barachi Summoner began the quest for the Orb.
     0 | D:1      | Reached XP level 1. HP: 13/13 MP: 3/3
   148 | D:1      | Reached skill level 5 in Summonings
   623 | D:1      | Reached XP level 2. HP: 19/19 MP: 5/5
   674 | D:1      | Learned a level 2 spell: Call Imp
  1398 | D:1      | Reached XP level 3. HP: 15/24 MP: 6/6
  1517 | D:2      | Learned a level 3 spell: Call Canine Familiar
  1550 | D:2      | Reached skill level 6 in Summonings
  2416 | D:2      | Reached XP level 4. HP: 30/30 MP: 7/7
  3224 | D:3      | Found a faded altar of an unknown god.
  3380 | D:3      | Reached skill level 7 in Summonings
  3380 | D:3      | Reached XP level 5. HP: 20/35 MP: 5/9
  3385 | D:3      | Learned a level 4 spell: Summon Ice Beast
  4134 | D:4      | Found Ixaujob's Assorted Antiques.
  4186 | D:4      | Found a sacrificial altar of Ru.
  4243 | D:4      | Reached XP level 6. HP: 32/41 MP: 11/11
  4399 | D:4      | Found Rall's Weapon Boutique.
  4488 | D:4      | Reached skill level 1 in Ice Magic
  4567 | D:4      | Found Pitriffe's Weapon Shoppe.
  5208 | D:4      | Reached skill level 8 in Summonings
  5338 | D:5      | Entered Level 5 of the Dungeon
  5830 | D:5      | Reached XP level 7. HP: 42/46 MP: 11/13
  5835 | D:5      | Learned a level 4 spell: Summon Lightning Spire
  5985 | D:5      | Found an ancient bone altar of Kikubaaqudgha.
  5985 | D:5      | Found a glowing silver altar of Zin.
  6114 | D:5      | Reached skill level 1 in Air Magic
  6211 | D:5      | Found a burning altar of Makhleb.
  6215 | D:5      | Found a radiant altar of Vehumet.
  6369 | D:6      | Noticed a nameless horror
  6399 | D:5      | Killed a nameless horror
  6498 | D:6      | Found a staircase to the Ecumenical Temple.
  6506 | Temple   | Entered the Ecumenical Temple
  6585 | Temple   | Became a worshipper of Warmaster Okawaru
  6620 | D:6      | Noticed a nameless horror
  6652 | D:5      | Killed a nameless horror
  6841 | D:6      | Reached skill level 9 in Summonings
  7084 | D:6      | Reached * piety under Okawaru
  7085 | D:6      | Reached skill level 1 in Armour
  7680 | D:6      | HP: 2/46 [poisoned by a gnoll sergeant]
  8355 | D:7      | Reached XP level 8. HP: 36/52 MP: 14/14
  8872 | D:7      | HP: 1/52 [centaur/arrow (11)]
  8873 | D:7      | Shot with an arrow by a centaur

Illustrated notes

Levels and vault maps discovered:
D:1:      dpeg_arrival_more_subterranean_lakeside_camping, layout_loops_ring,
          skrybe_limestone_x
D:2:      layout_loops_ring, st_stairs_9
D:3:      layout_basic, ebering_ecumenical_altar_sacrificial, eino_tiny_chamber,
          cheibrodos_gnoll_hut
D:4:      layout_basic, marbit_many_paths, serial_shops,
          nicolae_shop_statue_plus, shop, shop, serial_rivers,
          chequers_serial_rivers_small_b, chequers_serial_rivers_micro_e,
          chequers_serial_rivers_small_a, chequers_serial_rivers_small_3,
          minmay_manual_moon
D:5:      layout_rooms, grunt_temple_overflow_lords_of_destruction,
          amethyst_overflow_temple_binary
D:6:      layout_cave_pools, minmay_temple_entry_butterflies,
          hangedman_decor_clover_reticule, chequers_serial_rivers_marsh,
          minmay_misc_feat_square, corner_web_ring
D:7:      kennysheep_six_static_rooms, layout_basic, centaur_isle
Temple:   nicolae_temple_hex_pool

Skill      XL: |  1  2  3  4  5  6  7  8 |
---------------+-------------------------+-----
Summonings     | 5 6 7 8 9 |  9.7
Spellcasting   | 3 4 |  4.0
Ice Magic      | 2 3 |  3.0
Air Magic      | 2 3 |  3.0
Armour         | 1 2 |  2.3
Dodging        | |  2.1
Stealth        | |  1.7

Action                   |  1- 3 |  4- 6 |  7- 9 || total
-------------------------+-------+-------+-------++-------
Melee: Club              |    21 |       |       ||    21
       Dagger            |    46 |   102 |    20 ||   168
       Spear             |       |       |    94 ||    94
Throw: Boomerang         |       |     6 |    16 ||    22
 Cast: Summon Small Mamm |     4 |     1 |       ||     5
       Call Canine Famil |     2 |     9 |    11 ||    22
       Call Imp          |       |     1 |     1 ||     2
       Summon Ice Beast  |       |     1 |     4 ||     5
 Abil: Hop               |     2 |     1 |       ||     3
  Use: Scroll            |       |       |     2 ||     2
 Stab: Sleeping          |     3 |     4 |     4 ||    11
       Distracted        |       |       |     1 ||     1
Armor: Robe              |     7 |    24 |    43 ||    74
Dodge: Dodged            |    38 |    67 |    86 ||   191

Table legend: (Time is in decaauts)
 A = Elapsed time spent in this place.
 B = Non-inter-level travel time spent in this place.
 C = Inter-level travel time spent in this place.
 D = Time resting spent in this place.
 E = Time spent auto-exploring this place.
 F = Levels seen in this place.
 G = Mean time per level.
                   A        B        C        D        E       F      G
               +--------+--------+--------+--------+--------+-----+--------+
         Total |   9697 |   9290 |    407 |   1361 |   6428 |   8 | 1212.1 |
       Dungeon |   9588 |   9193 |    395 |   1361 |   6361 |   7 | 1369.7 |
        Temple |    108 |     96 |     12 |      0 |     67 |   1 |  108.0 |
               +--------+--------+--------+--------+--------+-----+--------+

Top non-repeatable levels by time:
     D:6: 1880 daAuts
     D:3: 1660 daAuts
     D:1: 1638 daAuts
     D:4: 1535 daAuts
     D:5: 1316 daAuts
     D:2: 1159 daAuts
     D:7: 398 daAuts
  Temple: 108 daAuts
